 Dungeon Crawl Stone Soup version 0.16.2-12-gd0ad4c3 (webtiles) character file.

268528 faibistes the Eclecticist (level 19, -1/100 HPs)
             Began as a Deep Elf Wizard on Mar 29, 2018.
             Was the Champion of Sif Muna.
             Slain by a profane servitor
             ... wielding a +2 whip
              (25 damage)
             ... on level 1 of the Abyss on Mar 30, 2018.
             The game lasted 04:17:08 (71731 turns).

faibistes the Eclecticist (Deep Elf Wizard)        Turns: 71731, Time: 04:17:08

Health: -1/100     AC: 14    Str:  4    XL:     19   Next: 76%
Magic:  2/64       EV: 17    Int: 36    God:    Sif Muna [******]
Gold:   2354       SH:  0    Dex: 13    Spells: 11 memorised, 1 level left

rFire  . . .     SeeInvis .     w - staff of power
rCold  + . .     Clarity  .     W - +2 robe {Archmagi}
rNeg   . . .     SustAb   .     (no shield)
rPois  +         Gourm    +     b - +2 hat
rElec  .         Spirit   .     Z - +2 cloak {rPois}
rCorr  .         Warding  .     o - +2 pair of gloves of Chimes {rC+ Regen+ Int+4}
rMut   .         Stasis   .     y - +1 pair of boots
MR     +....                    l - amulet of the gourmand
Stlth  ++........               q - ring of invisibility
                                g - ring of magical power

@: about to teleport, very slightly contaminated, delayed fireball, wreathed by
umbra, deflect missiles, drained, somewhat resistant to hostile enchantments,
unstealthy
A: frail 1
a: Channel Energy, Forget Spell, Renounce Religion, Release Delayed Fireball,
Evoke Invisibility
}: 1/15 runes: gossamer


You were on level 1 of the Abyss.
You worshipped Sif Muna.
Sif Muna was exalted by your worship.
You were not hungry.

You visited 7 branches of the dungeon, and saw 40 of its levels.
You visited the Abyss 1 time.
You also visited: Bailey.

You collected 4864 gold pieces.
You spent 2510 gold pieces at shops.

Inventory:

Armour
 b - a +2 hat (worn)
 o - the +2 pair of gloves of Chimes (worn) {rC+ Regen+ Int+4}
   (You found it on level 3 of the Shoals)

   It affects your intelligence (+4).
   It protects you from cold.
   It increases your rate of regeneration.
 y - a +1 pair of boots (worn)
 K - a +0 robe of resistance
 W - a +2 robe of the Archmagi (worn)
 Z - a +2 cloak of poison resistance (worn)
Magical staves
 w - an uncursed staff of power (weapon)
Jewellery
 c - an uncursed ring of see invisible
 g - a ring of magical power (left hand)
 l - an amulet of the gourmand (around neck)
 n - an uncursed ring of magical power
 q - a ring of invisibility (right hand)
 s - a cursed ring of flight
 B - an uncursed ring of protection from cold
 P - an uncursed amulet of clarity
Magical devices
 e - a wand of digging (7)
 h - a wand of enslavement (2)
 u - a wand of cold (4)
 v - a wand of lightning (0)
 C - a wand of cold (2)
 J - a wand of teleportation (4)
 L - a wand of cold (4)
 N - a wand of fireball (4)
 T - a wand of draining (4)
 Y - a wand of slowing (19)
Scrolls
 a - 2 scrolls of magic mapping
 m - 22 scrolls of remove curse
 A - 6 scrolls of recharging
 D - a scroll of fear
 E - 13 scrolls of identify
 F - 2 scrolls of holy word
 H - 7 scrolls of immolation
 R - 5 scrolls of teleportation
 V - 2 scrolls of fog
Potions
 f - 2 potions of brilliance
 j - 9 potions of curing
 k - a potion of restore abilities
 p - 2 potions of cure mutation
 r - 9 potions of flight
 x - a potion of magic
 z - 5 potions of haste
 M - 6 potions of ambrosia
 O - 3 potions of resistance
Comestibles
 d - 17 bread rations
 i - 24 meat rations


   Skills:
 + Level 9.8(9.4) Fighting
 - Level 10.2(9.9) Dodging
 - Level 2.4(2.1) Stealth
 * Level 19.3(18.8) Spellcasting
 * Level 14.6(14.2) Conjurations
 - Level 12.9(12.6) Charms
   Level 3.5(3.2) Summonings
 - Level 12.9(12.6) Translocations
   Level 3.0(2.7) Transmutations
 * Level 14.3(13.9) Fire Magic
 - Level 3.0(2.7) Air Magic
 * Level 14.5(14.1) Earth Magic
   Level 2.2(1.9) Poison Magic
 - Level 10.1(9.7) Invocations
 - Level 9.2(8.8) Evocations


You had one spell level left.
You knew the following spells:

 Your Spells              Type           Power        Failure   Level  Hunger
a - Magic Dart            Conj           ####         0%          1    None
b - Ring of Flames        Chrm/Fire      ########..   4%          7    ##.....
c - Iskenderun's Battles  Conj/Chrm      ########     1%          5    None
d - Controlled Blink      Tloc           N/A          6%          7    ##.....
e - Delayed Fireball      Conj/Fire      N/A          2%          7    ##.....
f - Deflect Missiles      Chrm/Air       #######...   10%         6    None
g - Iron Shot             Conj/Erth      ########..   1%          6    None
h - Haste                 Chrm           ########     1%          6    None
v - Bolt of Fire          Conj/Fire      ########..   1%          6    None
x - Force Lance           Conj/Tloc      ########     1%          4    None
z - Fireball              Conj/Fire      ########..   1%          5    None


Dungeon Overview and Level Annotations

Branches:
Dungeon (15/15) Temple (1/1) D:7 Lair (8/8) D:11 Shoals (5/5) Lair:4 Spider (5/5) Lair:4 Slime (0/6) Lair:6 Orc (4/4) D:12 Elf (2/3) Orc:3 Vaults (0/5) D:12 D:13 Depths (0/5) D:15

Altars:
Ashenzari
Cheibriados
Dithmenos
Elyvilon
Fedhas
Gozag
Kikubaaqudgha
Makhleb
Nemelex Xobeh
Okawaru
Qazlal
Ru
Sif Muna
Trog
Vehumet
Xom
Yredelemnul
Zin
The Shining One
Jiyva

Shops:
Orc:4 %%(:   Elf:1 (   Shoals:3 *

Portals:
Pandemonium: Orc:4


Innate Abilities, Weirdness & Mutations

You are frail (-10% HP).


Message History

The profane servitor draws strength from your injuries!
The profane servitor hits you but does no damage.
Casting: Force Lance
Confirm with . or Enter, or press ? or * to list all spells.
You feel a surge of power!
A powerful magic prevents control of your teleportation.
Which direction? [ESC to cancel]
You blink.
Casting: Controlled Blink
Confirm with . or Enter, or press ? or * to list all spells.
You don't have enough magic to cast that spell.
Unknown command.
Unknown command.
Read which item? (? for menu, Esc to quit)
As you read the scroll of teleportation, it crumbles to dust.
You feel strangely unstable.
You feel the power of the Abyss delaying your translocation.
A raiju comes into view.
The profane servitor hits you with an enchanted whip!!
You die...

. ....# .... .h.. ##...
...# ... # ##.## ##.##
##.## #.#
###...###...###...###...
.#../..#.....#.....#....
.....D..D................
#.. ..#.....#.....#....
###...###...###A..##
##.## ##.## ##@## ...#
...# #...# .... #
....#.....# .....
.............. #.....
.....#.....#.. ## #
..###...###.. .# # ##.##
# ... ...


You could see a profane servitor and a raiju (wandering).

Vanquished Creatures
  Mara (Spider:4)
  2 bone dragons (Abyss:1)
  Arachne (Spider:4)
  Nikola (Spider:2)
  A hellephant (Abyss:1)
  A lich (Abyss:1)
  The ghost of faibistes the Eclecticist, a mighty DEWz of Sif Muna (Orc:2)
  A tentacled starspawn (Abyss:1)
  2 krakens (Shoals:2)
  Frances (Spider:2)
  Donald (Shoals:3)
  The ghost of faibistes the Eclecticist, a mighty DEWz of Sif Muna (Shoals:3)
  A frost giant (Shoals:1)
  A deep elf sorcerer (Elf:1)
  Louise (Spider:1)
  6 ghost moths
  8 emperor scorpions
  2 lorocyprocas (Abyss:1)
  Azrael (Spider:2)
  The ghost of faibistes the Eclecticist, a powerful DEWz of Sif Muna (Orc:4)
  A dire elephant (D:15)
  An eidolon (Abyss:1)
  Snorg (Spider:4)
  A merfolk javelineer (Shoals:1)
  5 merfolk impalers
  A rakshasa (Abyss:1)
  2 great orbs of eyes
  Fannar (Elf:2)
  2 centaur warriors
  An ogre mage (D:14)
  5 hydras
  A catoblepas (Lair:8)
  4 merfolk avatars
  Erica (Lair:4)
  2 alligator snapping turtles
  2 merfolk aquamancers
  20 dancing weapons
  A deep troll shaman (Lair:8)
  11 death yaks
  6 orc high priests
  A hell hog (Abyss:1)
  3 thrashing horrors (Abyss:1)
  21 deep elf knights
  A soul eater (Abyss:1)
  A wretched star (Abyss:1)
  5 skeletal warriors
  2 putrid demonspawn (Orc:4)
  An unseen horror (D:13)
  A sun demon (Abyss:1)
  9 sea snakes
  An ice devil (Orc:4)
  An ice statue (Elf:1)
  7 deep elf summoners
  Pikel (D:6)
  2 gelid demonspawn (Orc:4)
  A lindwurm (Lair:8)
  2 starcursed masses (Abyss:1)
  9 orc knights
  12 wolf spider zombies
  A necromancer (Spider:1)
  15 harpies
  3 hill giants
  7 orc sorcerers
  11 manticores
  15 orb spiders
  5 water nymphs
  15 deep elf conjurers
  4 sirens
  2 ugly things
  9 hornets
  A rust devil (Orc:4)
  A salamander (D:15)
  4 fauns (Shoals:1)
  8 griffons
  2 sixfirhies (Abyss:1)
  13 cyclopes
  Maurice (D:9)
  16 spiny frogs
  39 wolf spiders
  2 moths of wrath
  Joseph (D:11)
  13 elephants
  3 centaur zombies
  3 drowned souls (Shoals:4)
  5 torpor snails
  Psyche (Orc:1)
  3 black mambas
  A redback zombie (D:14)
  19 demonic crawlers
  2 fire drakes
  2 gargoyles
  2 kobold demonologists (D:14)
  2 efreet
  2 hellwings
  2 tengu conjurers (D:15)
  6 komodo dragons
  11 deep elf priests
  2 ancient zymes (Abyss:1)
  A red devil (Orc:4)
  22 merfolk
  A polar bear (Lair:8)
  8 trolls
  24 jumping spiders
  2 two-headed ogres
  32 blink frogs
  5 slime creatures
  3 boulder beetles
  2 wind drakes
  4 snapping turtles
  2 large abominations (Abyss:1)
  A harpy skeleton (D:15)
  5 raiju (Abyss:1)
  A trapdoor spider zombie (D:13)
  3 ravens (D:15)
  5 tarantella zombies (Spider:1)
  A wandering mushroom (Lair:7)
  3 basilisks
  29 trapdoor spiders
  11 water elementals
  4 vampires
  31 deep elf magi
  47 redbacks
  17 humans
  46 yaks
  4 hungry ghosts
  24 tarantellas
  A wyvern (D:8)
  3 ynoxinuls
  A centaur simulacrum (D:15)
  A neqoxec (Abyss:1)
  A golden eye (Abyss:1)
  A chaos spawn (Abyss:1)
  15 hippogriffs
  3 fire elementals (Spider:2)
  26 deep elf fighters
  A steam dragon (D:10)
  5 sky beasts
  28 wolves
  Edmund (D:4)
  Menkaure (D:7)
  15 porcupines
  11 vampire mosquitoes (D:14)
  13 water moccasins
  A soldier ant (shapeshifter) (Elf:2)
  2 slaves (D:6)
  3 wargs
  A soldier ant (D:15)
  A black bear (D:6)
  44 orc warriors
  5 ice beasts
  2 hell hounds (Spider:2)
  39 spiders
  2 eyes of draining
  2 wasps
  15 ogres
  9 centaurs
  2 necrophages
  2 boring beetles (Spider:1)
  Duvessa (D:6)
  15 crocodiles
  5 big kobolds
  Blork the orc (D:8)
  30 giant frogs
  A gnoll sergeant (Orc:4)
  12 spider zombies (Spider:1)
  A wyvern zombie (D:11)
  7 scorpions
  3 wyvern skeletons
  4 small abominations (Abyss:1)
  3 killer bees (D:7)
  An electric eel (Spider:5)
  10 wights
  Dowan (D:6)
  4 quasits
  17 hounds
  3 goliath beetles
  14 crimson imps
  7 jellies
  14 iguanas
  41 orc priests
  10 centaur skeletons
  27 orc wizards
  A hell rat (Elf:1)
  A giant frog skeleton (D:8)
  10 worker ants
  A killer bee zombie (D:5)
  Ijyb (D:7)
  12 sheep
  3 hound zombies (D:10)
  A worker ant zombie (D:6)
  3 hound skeletons
  Robin (D:2)
  53 river rats
  9 gnolls
  29 adders
  A white imp (D:8)
  8 shadow imps
  3 worms
  3 adder zombies
  5 adder skeletons
  9 giant geckos
  3 oozes
  233 orcs
  2 bat zombies (D:7)
  2 giant cockroaches
  35 goblins
  29 hobgoblins
  3 jackals (D:1)
  3 ball pythons
  9 bats
  A giant gecko skeleton (D:8)
  3 giant newts
  3 giant spores
  45 kobolds
  15 quokkas
  A quokka skeleton (D:8)
  26 rats
  6 ballistomycetes
  2 butterflies (Lair:4)
  A fungus (Elf:1)
  13 plants
  3 tentacles (Shoals:2)
  A tentacle segment (Shoals:2)
1859 creatures vanquished.

Vanquished Creatures (collateral kills)
  The ghost of faibistes the Thaumaturge, an experienced DEWz of Sif Muna (D:9)
  A demonic crawler (Spider:4)
  A wight (D:10)
3 creatures vanquished.

Vanquished Creatures (others)
  A wolf spider (Spider:4)
  A centaur zombie (D:15)
  A tarantella (Spider:4)
  2 slaves (D:6)
  A crimson imp (D:8)
  An orc wizard (D:7)
  4 sheep (Lair:2)
  3 white imps
  An orc (Orc:2)
  A ballistomycete (D:10)
  25 fungi
  39 plants
  5 tentacles (Shoals:2)
  96 tentacle segments (Shoals:2)
181 creatures vanquished.

Grand Total: 2043 creatures vanquished

Notes
Turn   | Place    | Note
--------------------------------------------------------------
     0 | D:1      | faibistes, the Deep Elf Wizard, began the quest for the Orb.
     0 | D:1      | Reached XP level 1. HP: 10/10 MP: 6/6
   410 | D:1      | Reached XP level 2. HP: 15/15 MP: 7/9
   477 | D:1      | Learned a level 2 spell: Blink
   480 | D:1      | Learned a level 2 spell: Call Imp
   855 | D:1      | Found a snail-covered altar of Cheibriados.
  1203 | D:1      | Reached XP level 3. HP: 19/19 MP: 10/13
  1208 | D:1      | Learned a level 3 spell: Conjure Flame
  1212 | D:1      | Learned a level 3 spell: Mephitic Cloud
  1662 | D:2      | Reached skill level 5 in Spellcasting
  1780 | D:2      | Noticed Robin
  1887 | D:2      | Killed Robin
  1887 | D:2      | Reached XP level 4. HP: 13/24 MP: 3/17
  1897 | D:2      | Learned a level 2 spell: Repel Missiles
  2332 | D:2      | Found a burning altar of Makhleb.
  2332 | D:2      | Noticed a hound
  2346 | D:2      | Killed a hound
  2713 | D:2      | Reached XP level 5. HP: 28/28 MP: 17/20
  3313 | D:4      | Noticed Edmund
  3316 | D:4      | Reached skill level 6 in Spellcasting
  3584 | D:4      | Killed Edmund
  3584 | D:4      | Reached XP level 6. HP: 4/32 MP: 17/22
  3865 | D:4      | Reached skill level 7 in Spellcasting
  4045 | D:4      | Found a glowing drain.
  4432 | D:3      | Found an ancient bone altar of Kikubaaqudgha.
  4494 | D:3      | Reached skill level 1 in Fighting
  5087 | D:5      | Entered Level 5 of the Dungeon
  5115 | D:5      | Reached XP level 7. HP: 38/38 MP: 16/25
  5330 | D:5      | Reached skill level 1 in Evocations
  5493 | D:5      | Found an iron altar of Okawaru.
  5714 | D:5      | Reached skill level 8 in Spellcasting
  6053 | D:5      | Reached skill level 5 in Dodging
  6365 | D:5      | Reached XP level 8. HP: 45/45 MP: 24/27
  6830 | D:6      | Noticed Pikel
  7117 | D:6      | Killed Pikel
  7117 | D:6      | Reached skill level 9 in Spellcasting
  7352 | D:6      | Reached skill level 10 in Spellcasting
  7503 | D:6      | Noticed a hungry ghost
  7503 | D:6      | Reached XP level 9. HP: 44/52 MP: 26/30
  7516 | D:6      | Killed a hungry ghost
  7628 | D:6      | Found a stormy altar of Qazlal.
  7634 | D:6      | Noticed Duvessa
  7643 | D:6      | Noticed Dowan
  7659 | D:6      | Killed Duvessa
  7676 | D:6      | Killed Dowan
  7786 | D:6      | Found a radiant altar of Vehumet.
  7789 | D:6      | Found a sacrificial altar of Ru.
  7790 | D:6      | Found a basalt altar of Yredelemnul.
  8616 | D:7      | Noticed Ijyb
  8652 | D:7      | Killed Ijyb
  8652 | D:7      | Reached skill level 5 in Fighting
  8999 | D:7      | Reached skill level 11 in Spellcasting
  9151 | D:7      | Found a staircase to the Ecumenical Temple.
  9179 | Temple   | Entered the Ecumenical Temple
  9230 | Temple   | Became a worshipper of Sif Muna the Loreminder
  9237 | Temple   | Learned a level 5 spell: Bolt of Magma
  9363 | D:7      | Noticed Menkaure
  9373 | D:7      | Killed Menkaure
  9373 | D:7      | Reached skill level 1 in Air Magic
  9373 | D:7      | Reached skill level 1 in Earth Magic
  9583 | D:7      | Noticed a human
  9584 | D:7      | Noticed a yak
  9587 | D:7      | Killed a human
  9587 | D:7      | Reached skill level 1 in Fire Magic
  9625 | D:7      | Killed a yak
  9625 | D:7      | Acquired Sif Muna's first power
  9860 | D:7      | Reached skill level 1 in Poison Magic
 10356 | D:8      | Reached XP level 10. HP: 59/59 MP: 26/32
 10435 | D:8      | Identified a +1 rod of shadows (10/10) (You found it on level 8 of the Dungeon)
 10525 | D:8      | Noticed Blork the orc
 10532 | D:8      | Killed Blork the orc
 10975 | D:8      | Got a bloodstained falchion
 10976 | D:8      | Identified the +2 falchion of Nac Ilol {holy, Int+3 Dex+3} (You found it on level 8 of the Dungeon)
 11243 | D:8      | Reached skill level 5 in Conjurations
 11553 | D:8      | Acquired Sif Muna's second power
 11609 | D:9      | Noticed faibistes' ghost (experienced DEWz)
 11896 | D:9      | Killed faibistes' ghost
 11905 | D:9      | Learned a level 6 spell: Statue Form
 12523 | D:8      | Reached skill level 1 in Invocations
 12531 | D:8      | Reached skill level 1 in Charms
 12556 | D:8      | Reached skill level 1 in Transmutations
 12643 | D:9      | Reached skill level 5 in Evocations
 12863 | D:10     | Entered Level 10 of the Dungeon
 13180 | D:9      | Reached skill level 12 in Spellcasting
 13419 | D:9      | Noticed Maurice
 13430 | D:9      | Killed Maurice
 13525 | D:9      | Reached XP level 11. HP: 64/64 MP: 25/34
 16015 | D:10     | Acquired Sif Muna's third power
 16130 | D:11     | Found a staircase to the Lair.
 16163 | D:11     | Noticed a seven-headed hydra
 16182 | D:11     | Killed a seven-headed hydra
 16182 | D:11     | Reached skill level 5 in Fire Magic
 16279 | D:11     | Noticed a cyclops
 16284 | D:11     | Noticed a manticore
 16284 | D:11     | Killed a cyclops
 16377 | D:10     | Reached skill level 5 in Earth Magic
 16435 | D:11     | Killed a manticore
 16490 | D:11     | Noticed a manticore
 16495 | D:11     | Killed a manticore
 16968 | D:11     | Noticed Joseph
 16973 | D:11     | Killed Joseph
 17615 | D:12     | Reached XP level 12. HP: 70/70 MP: 31/35
 18177 | Lair:1   | Entered Level 1 of the Lair of Beasts
 18813 | Lair:1   | Reached skill level 5 in Invocations
 20492 | Lair:2   | Reached skill level 13 in Spellcasting
 20620 | Lair:2   | Found a shimmering altar of Xom.
 20954 | Lair:3   | Reached skill level 5 in Translocations
 21535 | Lair:4   | Reached skill level 5 in Charms
 22181 | Lair:3   | Got a dazzling rapier
 22183 | Lair:3   | Identified the +5 rapier "Smaose" {flame, Stlth+} (You found it on level 3 of the Lair of Beasts)
 22366 | Lair:5   | Noticed a seven-headed hydra
 22372 | Lair:5   | Killed a seven-headed hydra
 22759 | Lair:4   | Received a gift from Sif Muna
 22766 | Lair:4   | Identified Sif Muna's Disquisition on Warped Self-Improvement (Sif Muna gifted it to you on level 4 of the Lair of Beasts)
 22773 | Lair:4   | Learned a level 5 spell: Iskenderun's Battlesphere
 23274 | Lair:4   | Found a hole to the Spider Nest.
 23291 | Lair:4   | Reached XP level 13. HP: 75/75 MP: 30/36
 23356 | Lair:4   | Found a staircase to the Shoals.
 24965 | Lair:5   | Noticed Erica
 24997 | Lair:4   | Killed Erica
 25415 | Lair:6   | Found a viscous altar of Jiyva.
 25416 | Lair:6   | Found a staircase to the Slime Pits.
 25468 | Lair:8   | Entered Level 8 of the Lair of Beasts
 26116 | Lair:6   | Reached skill level 14 in Spellcasting
 27729 | Lair:7   | Received a gift from Sif Muna
 27730 | Lair:7   | Identified Sif Muna's Volume of Attacks and Feathers (Sif Muna gifted it to you on level 7 of the Lair of Beasts)
 27736 | Lair:7   | Learned a level 4 spell: Force Lance
 27994 | Lair:2   | Learned a level 6 spell: Iron Shot
 28708 | Lair:7   | Reached XP level 14. HP: 53/80 MP: 7/38
 30360 | Lair:8   | Reached skill level 10 in Dodging
 31217 | D:12     | Learned a level 6 spell: Bolt of Fire
 31270 | D:13     | Received a gift from Sif Muna
 31271 | D:13     | Identified Sif Muna's Reference Book on Protection (Sif Muna gifted it to you on level 13 of the Dungeon)
 31287 | D:13     | Learned a level 6 spell: Haste
 31396 | D:13     | Found a shattered altar of Ashenzari.
 31463 | D:13     | Found a flagged portal.
 31503 | Bailey   | Entered a bailey
 32492 | D:13     | Found a gate to the Vaults.
 32770 | D:12     | Found a staircase to the Orcish Mines.
 33284 | D:12     | Reached skill level 15 in Spellcasting
 33471 | Orc:1    | Entered Level 1 of the Orcish Mines
 33471 | Orc:1    | Noticed Psyche
 33476 | Orc:1    | Killed Psyche
 33881 | Orc:4    | Entered Level 4 of the Orcish Mines
 33983 | Orc:3    | Found a staircase to the Elven Halls.
 34055 | Orc:2    | Noticed faibistes' ghost (mighty DEWz)
 34782 | Orc:2    | Killed faibistes' ghost
 35021 | Orc:1    | Found a burning altar of Makhleb.
 36826 | Orc:4    | Noticed faibistes' ghost (powerful DEWz)
 36840 | Orc:4    | Killed faibistes' ghost
 36840 | Orc:4    | Reached XP level 15. HP: 78/86 MP: 5/39
 37701 | Orc:4    | Found Siukuod's Food Boutique.
 37702 | Orc:4    | Found Yziod's Food Shop.
 37756 | Orc:4    | Reached skill level 10 in Earth Magic
 39074 | Orc:4    | Reached skill level 10 in Conjurations
 39619 | Orc:4    | Received a gift from Sif Muna
 39619 | Orc:4    | Reached skill level 10 in Fire Magic
 39620 | Orc:4    | Identified Sif Muna's Sophisticated Thaumaturgy (Sif Muna gifted it to you on level 4 of the Orcish Mines)
 39809 | Orc:4    | Found Shradil's Book Emporium.
 39809 | Orc:4    | Found a one-way gate leading to the halls of Pandemonium.
 39809 | Orc:4    | Found Mnigog's Antique Weapon Shoppe.
 39843 | Orc:4    | Bought an Akashic Record for 1435 gold pieces
 40183 | Elf:1    | Entered Level 1 of the Elven Halls
 40828 | Elf:1    | Found a frozen archway.
 41160 | Elf:1    | Found Yvam's Weapon Emporium.
 41891 | Elf:1    | Reached skill level 10 in Invocations
 41975 | Elf:1    | Got a faintly glowing mace
 42076 | Elf:1    | Identified the +1 mace of Action {venom, *Rage rPois Int+7} (You found it on level 1 of the Elven Halls)
 42415 | Elf:1    | Received a gift from Sif Muna
 42422 | Elf:1    | Reached skill level 10 in Charms
 42423 | Elf:1    | Reached XP level 16. HP: 72/93 MP: 11/40
 42426 | Elf:1    | Identified Sif Muna's Compendium of Conjuration and the Volcanoes (Sif Muna gifted it to you on level 1 of the Elven Halls)
 43467 | Elf:2    | Reached skill level 16 in Spellcasting
 43651 | Elf:2    | Got a smoking quarterstaff
 43652 | Elf:2    | Identified the +7 quarterstaff of Greed {crush, SInv} (You found it on level 2 of the Elven Halls)
 43751 | Elf:2    | Found a runed gate.
 43752 | Elf:2    | Found a runed gate.
 43753 | Elf:2    | Found a runed gate.
 43944 | Elf:2    | Noticed Fannar
 43948 | Elf:2    | Killed Fannar
 44828 | Elf:2    | Received a gift from Sif Muna
 45288 | Elf:2    | Identified Sif Muna's Almanac of Vitriolic Attacks (Sif Muna gifted it to you on level 2 of the Elven Halls)
 45578 | Lair:2   | Learned a level 5 spell: Ignite Poison
 45591 | Lair:2   | Learned a level 7 spell: Ring of Flames
 45692 | Spider:1 | Entered Level 1 of the Spider Nest
 46647 | Spider:1 | Noticed Louise
 46649 | Spider:1 | Killed Louise
 46891 | Spider:2 | Noticed Azrael
 46902 | Spider:2 | Killed Azrael
 47033 | Spider:2 | Noticed Nikola
 48190 | Spider:2 | Received a gift from Sif Muna
 48192 | Spider:2 | Identified Sif Muna's Catalogue of Attacks and Benedictions (Sif Muna gifted it to you on level 2 of the Spider Nest)
 48534 | Spider:2 | Noticed Frances
 48539 | Spider:2 | Killed Frances
 48539 | Spider:2 | Reached XP level 17. HP: 99/99 MP: 33/41
 48683 | Spider:2 | Killed Nikola
 49924 | Spider:4 | Noticed Arachne
 49932 | Spider:4 | Killed Arachne
 49932 | Spider:4 | Reached skill level 17 in Spellcasting
 53001 | Spider:3 | Reached skill level 10 in Translocations
 53004 | Spider:3 | Received a gift from Sif Muna
 53007 | Spider:3 | Identified Sif Muna's Reference Book on the Voyage and Boosts (Sif Muna gifted it to you on level 3 of the Spider Nest)
 54282 | Lair:2   | Learned a level 6 spell: Deflect Missiles
 54468 | Spider:4 | Noticed Snorg
 54476 | Spider:4 | Killed Snorg
 54612 | Spider:4 | Noticed Mara
 54621 | Spider:4 | Noticed faibistes' illusion
 54866 | Spider:4 | Noticed faibistes' illusion
 55592 | Spider:4 | Noticed faibistes' illusion
 55597 | Spider:4 | Killed Mara
 56046 | Spider:5 | Entered Level 5 of the Spider Nest
 56829 | Shoals:1 | Entered Level 1 of the Shoals
 57244 | Shoals:1 | Reached XP level 18. HP: 104/104 MP: 42/42
 57508 | Shoals:1 | Received a gift from Sif Muna
 57509 | Shoals:1 | Identified Sif Muna's Incunabulum of Attacks (Sif Muna gifted it to you on level 1 of the Shoals)
 59656 | Shoals:3 | Noticed Donald
 59660 | Shoals:3 | Killed Donald
 59734 | Shoals:3 | Reached skill level 18 in Spellcasting
 59999 | Shoals:3 | Noticed faibistes' ghost (mighty DEWz)
 60005 | Shoals:3 | Killed faibistes' ghost
 60195 | Shoals:3 | Found Kaititu's Assorted Antiques.
 60225 | Shoals:3 | Bought a potion of haste for 430 gold pieces
 60225 | Shoals:3 | Bought a leatherbound book for 645 gold pieces
 60355 | Shoals:2 | Received a gift from Sif Muna
 60371 | Shoals:2 | Identified Sif Muna's Incunabulum of Arcane Weapons and Flames (Sif Muna gifted it to you on level 2 of the Shoals)
 60378 | Shoals:2 | Learned a level 5 spell: Fireball
 60449 | Shoals:2 | Got a brightly glowing morningstar
 60450 | Shoals:2 | Identified the +7 morningstar "Pucyna Laoc" {crush, Int+3 Dex+2 SInv} (You found it on level 2 of the Shoals)
 61172 | Shoals:3 | Got a pair of crude gloves
 61183 | Shoals:3 | Identified the +2 pair of gloves of Chimes {rC+ Regen+ Int+4} (You found it on level 3 of the Shoals)
 62051 | Shoals:5 | Entered Level 5 of the Shoals
 63573 | D:15     | Entered Level 15 of the Dungeon
 63747 | D:13     | Found a bloodstained altar of Trog.
 65214 | D:14     | Found a glowing golden altar of the Shining One.
 65945 | D:15     | Reached XP level 19. HP: 110/110 MP: 42/43
 66178 | D:15     | Found a staircase to the Depths.
 67525 | Spider:5 | Received a gift from Sif Muna
 67526 | Spider:5 | Identified Lee's Disquisition on Earth (Sif Muna gifted it to you on level 5 of the Spider Nest)
 70049 | Spider:5 | Got a gossamer rune of Zot
 70712 | Lair:2   | Learned a level 7 spell: Controlled Blink
 70725 | Lair:2   | Learned a level 7 spell: Delayed Fireball
 70913 | Shoals:5 | Cast into the Abyss (merfolk impaler)
 70955 | Abyss:1  | Reached skill level 19 in Spellcasting
 71072 | Abyss:1  | HP: 2/112 [something (26)]
 71081 | Abyss:1  | Noticed a bone dragon
 71138 | Abyss:1  | Received a gift from Sif Muna
 71249 | Abyss:1  | Gained mutation: You are frail (-10% HP). [a neqoxec]
 71354 | Abyss:1  | Killed a bone dragon
 71650 | Abyss:1  | Noticed a bone dragon
 71657 | Abyss:1  | Killed a bone dragon
 71703 | Abyss:1  | Noticed a bone dragon
 71718 | Abyss:1  | Noticed a profane servitor
 71731 | Abyss:1  | Slain by a profane servitor

Action                   |  1- 3 |  4- 6 |  7- 9 | 10-12 | 13-15 | 16-18 | 19-21 || total
-------------------------+-------+-------+-------+-------+-------+-------+-------++-------
Melee: Club              |     7 |       |       |       |       |       |       ||     7
       Dagger            |     7 |    24 |       |       |       |       |       ||    31
       Rapier            |       |    25 |   146 |   282 |   276 |     6 |       ||   735
       Falchion          |       |       |       |    33 |    22 |     1 |       ||    56
       Quarterstaff      |       |       |       |       |       |     2 |       ||     2
       Staff             |       |       |       |       |       |     6 |     2 ||     8
 Cast: Magic Dart        |    95 |    82 |   234 |   519 |   455 |   122 |       ||  1507
       Conjure Flame     |     4 |    14 |    45 |   124 |    69 |       |       ||   256
       Mephitic Cloud    |     2 |    15 |    18 |    43 |    25 |       |       ||   103
       Blink             |     1 |     2 |     9 |    22 |    13 |     7 |     1 ||    55
       Repel Missiles    |       |     1 |       |     1 |     2 |       |       ||     4
       Call Imp          |       |       |     2 |     4 |       |       |       ||     6
       Bolt of Magma     |       |       |       |   118 |   112 |       |       ||   230
       Iskenderun's Batt |       |       |       |       |    83 |    43 |       ||   126
       Force Lance       |       |       |       |       |    66 |    83 |    37 ||   186
       Statue Form       |       |       |       |       |     1 |       |       ||     1
       Bolt of Fire      |       |       |       |       |   242 |   475 |    86 ||   803
       Iron Shot         |       |       |       |       |    17 |    35 |    24 ||    76
       Haste             |       |       |       |       |     5 |     3 |     5 ||    13
       Ignite Poison     |       |       |       |       |       |   113 |    51 ||   164
       Ring of Flames    |       |       |       |       |       |    52 |     7 ||    59
       Deflect Missiles  |       |       |       |       |       |     2 |     1 ||     3
       Fireball          |       |       |       |       |       |    39 |    46 ||    85
       Controlled Blink  |       |       |       |       |       |       |     2 ||     2
       Delayed Fireball  |       |       |       |       |       |       |     1 ||     1
Invok: Channel Energy    |       |       |       |     5 |    22 |    11 |   153 ||   191
       Forget Spell      |       |       |       |       |     1 |       |       ||     1
 Abil: Evoke Invisibilit |       |       |       |       |       |       |     7 ||     7
Evoke: Rod               |       |       |       |     4 |       |       |       ||     4
       Wand              |       |       |       |       |     2 |     5 |    10 ||    17
  Use: Scroll            |       |    10 |     1 |     8 |    18 |    21 |     8 ||    66
       Potion            |       |     1 |       |     3 |     8 |     5 |     8 ||    25
 Stab: Sleeping          |     1 |     3 |     3 |     5 |     1 |       |       ||    13
       Confused          |     1 |     4 |     2 |     4 |     3 |       |       ||    14
       Distracted        |       |       |       |       |     1 |       |       ||     1
  Eat: Chunk             |     3 |    10 |    17 |    44 |   111 |    49 |    33 ||   267
       Fruit             |       |       |       |     1 |    10 |    21 |       ||    32
       Beef jerky        |       |       |       |     3 |     2 |       |       ||     5
       Royal jelly       |       |       |       |     1 |     1 |       |       ||     2
       Bread ration      |       |       |       |       |     1 |     2 |     1 ||     4
       Pizza             |       |       |       |       |       |    14 |       ||    14
       Meat ration       |       |       |       |       |       |     1 |     1 ||     2
